 Dungeon Crawl Stone Soup version 0.19-a0-1834-g6b7851e (webtiles) character file.

8386 Kidiri the Thaumaturge (level 11, -41/61 HPs)
             Began as a Deep Elf Fire Elementalist on Oct 9, 2016.
             Was an Elder of Vehumet.
             Hit by a large rock thrown by a stone giant (55 damage)
             ... on level 1 of the Orcish Mines.
             The game lasted 00:38:06 (13046 turns).

Kidiri the Thaumaturge (DEFE)                      Turns: 13046, Time: 00:38:06

Health: -41/61     AC: 11    Str:  3    XL:     11   Next: 9%
Magic:  27/28      EV: 16    Int: 24    God:    Vehumet [****..]
Gold:   714        SH:  0    Dex: 15    Spells: 10 memorised, 4 levels left

rFire  + + .     SeeInvis .     E - +3 short sword (speed)
rCold  . . .     Gourm    .     A - +1 robe {rC+ rF+}
rNeg   + . .     Faith    .     (no shield)
rPois  .         Spirit   .     I - +0 helmet
rElec  .         Dismiss  .     t - +1 cloak
rCorr  .         Reflect  .     z - +1 pair of gloves {archery}
MR     +....     Harm     +     y - +1 pair of boots
Stlth  ++........               e - amulet of harm
                                C - ring of fire
                                s - ring of positive energy

@: very slightly contaminated, drained
A: rugged brown scales 1, weak 1, wild magic 1, evolution 2
a: Renounce Religion


You were on level 1 of the Orcish Mines.
You worshipped Vehumet.
Vehumet was greatly pleased with you.
You were not hungry.

You visited 4 branches of the dungeon, and saw 12 of its levels.
You also visited: Sewer.

You collected 804 gold pieces.
You spent 90 gold pieces at shops.

Inventory:

Hand Weapons
 E - a +3 short sword of speed (weapon)
Armour
 t - a +1 cloak (worn)
 y - a +1 pair of boots (worn)
 z - a +1 pair of gloves of archery (worn)
 A - a +1 robe of resistance (worn)
 I - a +0 helmet (worn)
Jewellery
 e - an amulet of harm (around neck)
 s - a ring of positive energy (left hand)
 C - a ring of fire (right hand)
Wands
 a - a wand of acid (7/15)
 k - a wand of digging (6/24)
 D - a wand of iceblast (12/15)
 H - a wand of confusion (25/48)
Scrolls
 m - 2 scrolls of immolation
 o - a scroll of recharging
 r - 3 scrolls of fog
 u - 5 scrolls of teleportation
 F - 3 scrolls of fear
 G - a scroll of remove curse
Potions
 d - 2 potions of resistance
 g - 2 potions of magic
 h - 6 potions of curing
 l - 5 potions of flight
 p - a potion of heal wounds
 q - 4 potions of lignification
 v - 3 potions of brilliance
 w - a potion of ambrosia
 x - 3 potions of haste
 J - a potion of might {unknown}
 K - 2 potions of agility {unknown}
Comestibles
 b - a slice of pizza
 c - 7 bread rations
 f - 11 royal jellies
 i - 9 chunks of flesh
 j - 7 meat rations
 n - 4 fruits


   Skills:
 + Level 3.9 Fighting
 + Level 4.7(4.6) Short Blades
 + Level 3.7(3.6) Armour
 + Level 6.3(6.2) Dodging
 - Level 2.4(2.3) Stealth
 * Level 11.8 Spellcasting
 + Level 6.1(6.0) Conjurations
 + Level 7.0(6.9) Fire Magic
 + Level 4.0(3.9) Ice Magic
 + Level 2.0 Air Magic
 + Level 1.5 Earth Magic
 + Level 2.5(2.4) Poison Magic
 + Level 5.4 Evocations


You had 4 spell levels left.
You knew the following spells:

 Your Spells              Type           Power        Failure   Level  Hunger
a - Flame Tongue          Conj/Fire      #####        1%          1    None
b - Throw Flame           Conj/Fire      ######       1%          2    None
c - Conjure Flame         Conj/Fire      ######..     1%          3    None
d - Inner Flame           Hex/Fire       ######..     1%          3    None
e - Sticky Flame          Conj/Fire      ######..     1%          4    None
f - Fireball              Conj/Fire      ######....   4%          5    ###....
g - Freeze                Ice            ####         1%          1    None
h - Ignite Poison         Fire/Tmut/Pois ######..     1%          3    None
i - Airstrike             Air            ####......   9%          4    None
j - Stone Arrow           Conj/Erth      #####.       1%          3    None


Dungeon Overview and Level Annotations

Branches:
Dungeon (9/15)             Temple (1/1) D:4            Lair (1/6) D:8
    Orc (1/2) D:9

Altars:
Ashenzari
Cheibriados
Dithmenos
Elyvilon
Fedhas
Gozag
Hepliaklqana
Kikubaaqudgha
Makhleb
Nemelex Xobeh
Okawaru
Qazlal
Ru
Sif Muna
Trog
Uskayaw
Vehumet
Xom
Yredelemnul
Zin
The Shining One

Shops:
D:8 [

Annotations:
Lair:1 Nergalle


Innate Abilities, Weirdness & Mutations

You are partially covered in rugged brown scales. (AC +1, +3% HP)
You are weak. (Str -2)
Your spells are a little harder to cast, but a little more powerful.
You rapidly evolve.


Message History

The stone giant burns!
The stone giant barely misses you.
The stone giant burns!
The stone giant throws a large rock.
The large rock completely misses you.
The stone giant burns!
The stone giant throws a large rock.
The large rock closely misses you.
The stone giant burns!
The stone giant stops burning.
The stone giant throws a large rock.
The large rock hits you!!!
Ouch! That really hurt!
* * * LOW HITPOINT WARNING * * *
You see here a large rock.
Unknown command.
Blink to where?
Press: ? - help, Dir - move target cursor, p - stone giant You are very lightly contaminated with residual magic.
As you read the scroll of blinking, it crumbles to dust.
There is a staircase back to the Dungeon here.
You start resting.
The stone giant throws a large rock.
The large rock hits you!!!
Ouch! That really hurt!
You die...

##.# #...#...##.#### #### ###
#..####.......#.....## ##..###.##
.....#...#..####.#...###........#
......#.#....)##.....##..)..##.##
..#.......#....#..(............##
.###......#......##.............#
.####...#####...#####...###......
..#.......##C...)###......##....#
..#.(##......#.#@.)).........####
.....###.....###..)...##......##
#...(# ###.### ##......##......#
#....# #...# ##....###..##.##
.C#..# ##### #..### #######
..#....# #### ####.....# .....##
...###


You could see a stone giant.

Vanquished Creatures
  A hydra (Lair:1)
  A komodo dragon (Lair:1)
  A troll (D:9)
  A hornet (D:7)
  Sigmund (D:4)
  4 yaks
  A wyvern (D:9)
  A steam dragon (D:8)
  A warg (Orc:1)
  A water moccasin (D:9)
  A porcupine (D:8)
  2 sky beasts
  A black bear (D:7)
  An ice beast (D:9)
  9 orc warriors
  A necrophage (D:7)
  A phantom (D:6)
  A centaur (D:6)
  A crocodile (D:8)
  8 ogres
  Blork the orc (D:4)
  A big kobold (D:9)
  2 wyvern zombies (D:8)
  7 bullfrogs
  4 gnoll sergeants (D:9)
  2 scorpions
  6 howler monkeys
  5 wights (D:6)
  4 crimson imps
  A centaur zombie (D:9)
  2 quasits
  3 hounds
  A gnoll shaman (Orc:1)
  7 jellies
  5 orc priests
  6 orc wizards
  A bullfrog skeleton (D:5)
  A centaur skeleton (D:6)
  4 iguanas
  3 hell rats (D:8)
  9 worker ants
  3 hound skeletons
  A howler monkey zombie (D:7)
  A worker ant zombie (D:8)
  10 gnolls
  15 adders
  A river rat (D:8)
  3 shadow imps
  16 oozes
  2 adder skeletons
  An adder zombie (D:5)
  A dart slug (D:3)
  2 worms
  11 leopard geckos
  34 orcs
  7 ball pythons
  5 bats
  19 giant cockroaches
  10 goblins
  9 hobgoblins
  20 jackals
  4 quokkas
  14 frilled lizards
  4 kobolds
  11 rats
318 creatures vanquished.

Vanquished Creatures (others)
  A fungus (Lair:1)
1 creature vanquished.

Grand Total: 319 creatures vanquished

Notes
Turn   | Place    | Note
-------+----------+-------------------------------------------
     0 | D:1      | Kidiri the Deep Elf Fire Elementalist began the quest for the Orb.
     0 | D:1      | Reached XP level 1. HP: 10/10 MP: 6/6
   201 | D:1      | Reached XP level 2. HP: 15/15 MP: 4/8
   341 | D:1      | Learned a level 2 spell: Throw Flame
   434 | D:1      | Reached skill level 4 in Spellcasting
   659 | D:1      | Reached XP level 3. HP: 19/19 MP: 4/10
   664 | D:1      | Learned a level 3 spell: Conjure Flame
   668 | D:1      | Learned a level 3 spell: Inner Flame
  1172 | D:2      | Gained mutation: You are partially covered in rugged brown scales. (AC +1, +3% HP) [potion of beneficial mutation]
  1488 | D:2      | Found a burning altar of Makhleb.
  1721 | D:2      | Reached XP level 4. HP: 24/24 MP: 8/12
  1995 | D:2      | Reached skill level 5 in Spellcasting
  2211 | D:3      | Found a glowing drain.
  2326 | D:3      | Learned a level 4 spell: Sticky Flame
  2327 | Sewer    | Entered a sewer
  2541 | Sewer    | Reached XP level 5. HP: 26/28 MP: 8/15
  2976 | Sewer    | Reached skill level 6 in Spellcasting
  3630 | Sewer    | Reached XP level 6. HP: 32/32 MP: 13/17
  3633 | Sewer    | Reached skill level 7 in Spellcasting
  4004 | D:3      | Learned a level 5 spell: Fireball
  4017 | D:3      | Found a shimmering altar of Xom.
  4044 | D:3      | Found an ancient bone altar of Kikubaaqudgha.
  4149 | D:3      | Found a deep blue altar of Sif Muna.
  4381 | D:3      | Found a faded altar of an unknown god.
  4616 | D:4      | Found a staircase to the Ecumenical Temple.
  4634 | Temple   | Entered the Ecumenical Temple
  4793 | Temple   | Became a worshipper of Vehumet
  4839 | D:4      | Noticed Blork the orc
  4843 | D:4      | Killed Blork the orc
  4901 | D:4      | Reached skill level 1 in Short Blades
  4901 | D:4      | Reached skill level 1 in Evocations
  4901 | D:4      | Reached XP level 7. HP: 38/38 MP: 15/20
  4992 | D:4      | Noticed a troll
  5001 | D:4      | Reached skill level 1 in Fighting
  5017 | D:4      | Reached skill level 5 in Fire Magic
  5277 | D:4      | Noticed Sigmund
  5298 | D:4      | Killed Sigmund
  5298 | D:4      | Reached skill level 1 in Armour
  5555 | D:5      | Entered Level 5 of the Dungeon
  5606 | D:5      | Reached skill level 8 in Spellcasting
  5750 | D:5      | Lost mutation: You are partially covered in rugged brown scales. (AC +1, +3% HP) [potion of mutation]
  5750 | D:5      | Gained mutation: You are partially covered in rugged brown scales. (AC +1, +3% HP) [potion of mutation]
  5750 | D:5      | Gained mutation: You are weak. (Str -2) [potion of mutation]
  5871 | D:5      | Reached XP level 8. HP: 41/44 MP: 6/22
  6068 | D:5      | Reached * piety under Vehumet
  6068 | D:5      | Offered knowledge of Magic Dart by Vehumet.
  6618 | D:6      | Found a sacrificial altar of Ru.
  6694 | D:6      | Reached skill level 9 in Spellcasting
  7464 | D:6      | Offered knowledge of Freeze by Vehumet.
  7464 | D:6      | Reached ** piety under Vehumet
  7922 | D:7      | Learned a level 1 spell: Freeze
  7928 | D:7      | Reached XP level 9. HP: 38/49 MP: 21/24
  8096 | D:7      | Reached skill level 1 in Ice Magic
  8411 | D:7      | Reached skill level 5 in Dodging
  8411 | D:7      | Reached skill level 10 in Spellcasting
  9089 | D:8      | Reached skill level 5 in Conjurations
  9093 | D:8      | Offered knowledge of Ignite Poison by Vehumet.
  9309 | D:8      | Reached *** piety under Vehumet
  9332 | D:8      | Learned a level 3 spell: Ignite Poison
  9676 | D:8      | Found a staircase to the Lair.
  9690 | D:8      | Reached XP level 10. HP: 57/57 MP: 19/26
  9698 | D:8      | Gained mutation: You evolve. [potion of mutation]
 10091 | D:8      | Offered knowledge of Airstrike by Vehumet.
 10099 | D:8      | Learned a level 4 spell: Airstrike
 10206 | D:8      | Found Xasaergh's Antique Armour Shoppe.
 10209 | D:8      | Bought a helmet for 90 gold pieces
 10487 | D:8      | Reached skill level 11 in Spellcasting
 10817 | D:8      | Gained mutation: Your spells are a little harder to cast, but a little more powerful. [evolution]
 11072 | D:9      | Reached **** piety under Vehumet
 11332 | D:9      | Offered knowledge of Stone Arrow by Vehumet.
 11332 | D:9      | Reached skill level 1 in Air Magic
 11332 | D:9      | Reached skill level 5 in Evocations
 11337 | D:9      | Learned a level 3 spell: Stone Arrow
 11572 | D:9      | Reached skill level 1 in Poison Magic
 11889 | D:9      | Found a staircase to the Orcish Mines.
 12115 | Lair:1   | Entered Level 1 of the Lair of Beasts
 12315 | Lair:1   | Noticed a five-headed hydra
 12323 | Lair:1   | Killed a five-headed hydra
 12323 | Lair:1   | Reached skill level 1 in Earth Magic
 12502 | Lair:1   | Reached XP level 11. HP: 57/61 MP: 25/28
 12606 | Lair:1   | Noticed Nergalle
 12612 | Lair:1   | Noticed a spectral orc warlord
 12652 | D:8      | Gained mutation: You rapidly evolve. [evolution]
 12777 | Orc:1    | Entered Level 1 of the Orcish Mines
 13028 | Orc:1    | Noticed a stone giant
 13046 | Orc:1    | Hit by a large rock thrown by a stone giant

Vault maps used:
D:1:      dpeg_arrival_rooms_b, minmay_tromino_v7
D:2:      overflow_temple_1_default
D:3:      grunt_temple_overflow_open, gup_sewer_entry_glass, ecumenical_altar_2
D:4:      serial_bayou_pond_c, lightli_corner_chamber, uniq_blork_the_orc,
          uniq_sigmund
D:5:      first_bread
D:6:      nicolae_ru_sacrificial_ziggurat
D:8:      dpeg_lair_monsters, serial_shops, nicolae_shop_behind_doors
D:9:      kennysheep_orc_monster_closet_entryway, hangedman_little_slice_of_home
Temple:   eino_temple_rhombus
Lair:1:   uniq_nergalle
Orc:1:    basic_altar
Sewer:    sewer_frog_island_02

Skill      XL: |  1  2  3  4  5  6  7  8  9 10 11 |
---------------+----------------------------------+-----
Spellcasting   | 4 5 6 7 8 9 10 11 | 11.8
Fire Magic     | 4 5 6 7 |  7.0
Conjurations   | 2 3 4 5 6 |  6.1
Short Blades   | 1 2 3 4 |  4.7
Evocations     | 1 3 4 5 |  5.4
Fighting       | 1 2 3 |  3.9
Armour         | 1 2 3 |  3.7
Dodging        | 3 4 5 6 |  6.3
Ice Magic      | 2 3 4 |  4.0
Air Magic      | 1 2 |  2.0
Poison Magic   | 2 |  2.5
Earth Magic    | 1 |  1.5
Stealth        | |  2.4

Action                   |  1- 3 |  4- 6 |  7- 9 | 10-12 || total
-------------------------+-------+-------+-------+-------++-------
Melee: Unarmed           |     1 |       |       |       ||     1
       Dagger            |     4 |     5 |    13 |       ||    22
       Short sword       |       |       |     6 |    19 ||    25
 Cast: Flame Tongue      |    51 |    50 |   143 |   118 ||   362
       Throw Flame       |    22 |    56 |    67 |    48 ||   193
       Sticky Flame      |       |     2 |     9 |    16 ||    27
       Conjure Flame     |       |     1 |     7 |     3 ||    11
       Inner Flame       |       |       |     6 |     3 ||     9
       Freeze            |       |       |     4 |     4 ||     8
       Fireball          |       |       |     4 |     2 ||     6
       Airstrike         |       |       |       |     3 ||     3
Evoke: Wand              |       |       |     2 |       ||     2
  Use: Scroll            |    12 |     3 |    10 |     4 ||    29
       Potion            |     1 |       |     1 |     1 ||     3
 Stab: Sleeping          |     1 |       |     1 |     1 ||     3
  Eat: Chunk             |     3 |    10 |    14 |    10 ||    37
       Pizza             |       |       |     1 |       ||     1
Armor: Robe              |     1 |       |    17 |    15 ||    33
       Leather armour    |    10 |    10 |     1 |       ||    21
Dodge: Dodged            |    12 |    15 |    56 |    44 ||   127
